 Dungeon Sprint DCSS version 0.31-a0-965-g8a8ce12e04 (webtiles) character file.

Game seed: 6188734807276621528

82 fozzywoppz the Trooper (level 4, -9/44 HPs)
             Began as a Draconian Berserker on Oct 27, 2023.
             Was a Priest of Trog.
             Mangled by a komodo dragon (19 damage)
             ... in the Dungeon (Sprint IX: "|||||||||||||||||||||||||||||").
             The game lasted 00:01:36 (237 turns).

fozzywoppz the Trooper (Draconian Berserker)         Turns: 237, Time: 00:01:37

Health: -9/44      AC:  6    Str: 21    XL:     4   Next: 21%
Magic:  4/4        EV: 16    Int:  7    God:    Trog [***...]
Gold:   0          SH:  0    Dex: 14    Spells: 3/3 levels left

rFire   . .          .
                       - Unarmed
rCold   . . .        (no shield)
rNeg    . . .        (body armour unavailable)
rPois   .            (helmet restricted)
rElec   .            (no cloak)
rCorr   .            m - +0 pair of gloves
SInv    .            (no boots)
Will    ++...        (no amulet)
Stlth   ++           k - +3 ring of dexterity
HPRegen 1.27/turn    l - +2 ring of evasion
MPRegen 0.09/turn

%: no teleportation
@: strong-willed, regenerating
A: AC +5, unfitting armour, cold-blooded
a: Renounce Religion, Berserk, Trog's Hand


You were in the Dungeon.
You worshipped Trog.
Trog was most pleased with you.
You visited 1 branch

Inventory:

Hand Weapons
 g - a +0 dagger of venom
 j - a +1 broad axe of freezing
Armour
 m - a +0 pair of gloves (worn)
Jewellery
 k - a +3 ring of dexterity (left hand)
 l - a +2 ring of evasion (right hand)
Wands
 i - a wand of iceblast (7)
Potions
 a - 5 potions of curing
 b - 2 potions of heal wounds
 c - a potion of haste
 d - 4 potions of magic
 e - a potion of berserk rage
 h - a potion of invisibility


   Skills:
 + Level 5.7 Fighting
 + Level 4.7 Dodging
 + Level 3.4 Stealth
 + Level 5.2 Unarmed Combat


You had 3 spell levels left.
You didn't know any spells.
Your spell library was empty.

Dungeon Overview and Level Annotations

Branches:
Dungeon (1/1)

Altars:
Cheibriados
Dithmenos
Elyvilon
Fedhas
Gozag
Hepliaklqana
Kikubaaqudgha
Makhleb
Nemelex Xobeh
Okawaru
Qazlal
Ru
Sif Muna
Trog
Uskayaw
Vehumet
Wu Jian
Xom
Yredelemnul
Zin
The Shining One
Jiyva
Lugonu


Innate Abilities, Weirdness & Mutations

Your plain brown scales are hard. (AC +5)
You cannot fit into any form of body armour.
You are cold-blooded and may be slowed by cold attacks.


Message History

You punch the kobold brigand!
Your tail-slap misses the kobold brigand.
The kobold brigand is almost dead.
The kobold brigand misses you.
You closely miss the kobold brigand.
The kobold brigand is almost dead.
You hit the komodo dragon.
The komodo dragon is heavily wounded.
You punch the komodo dragon!
The komodo dragon is heavily wounded.
The komodo dragon misses you.
You barely miss the komodo dragon.
The komodo dragon is heavily wounded.
The komodo dragon bites you!!
Ouch! That really hurt!
You barely miss the komodo dragon.
The komodo dragon is heavily wounded.
The komodo dragon misses you.
You hit the komodo dragon but do no damage.
You punch the komodo dragon.
The komodo dragon is severely wounded.
The komodo dragon barely misses you.
You hit the komodo dragon.
The komodo dragon is severely wounded.
The komodo dragon bites you but does no damage.
You closely miss the komodo dragon.
The komodo dragon is severely wounded.
The komodo dragon barely misses you.
You punch the komodo dragon!
You punch the komodo dragon, but do no damage.
The komodo dragon is almost dead.
The komodo dragon closely misses you.
You hit the komodo dragon but do no damage.
The komodo dragon is almost dead.
The komodo dragon bites you!
* * * LOW HITPOINT WARNING * * *
Your skin crawls.
You feel strong-willed. The komodo dragon bites you!!
You die... ▓▓▓▓▓▓▓▓▓▓▓▓▓▓▓▓▓▓▓▓▓▓▓▓▓▓▓▓▓▓▓▓▓ ________________@lK9YoW.[K9'Yo..W ▓▓▓▓▓▓▓▓▓▓▓▓▓▓▓▓▓▓▓▓▓▓▓▓▓▓▓▓▓▓▓▓▓

You could see a komodo dragon, a yak, a wraith, an orc warrior, a gargoyle and a kobold brigand.

Vanquished Creatures
  A hound (D)
  An iguana (D)
  2 adders (D)
  An orc (D)
  2 ball pythons (D)
  A giant cockroach (D)
  A goblin (D)
  A rat (D)
10 creatures vanquished.

Notes
Turn   | Place    | Note
-------+----------+-------------------------------------------
     0 | D        | fozzywoppz the Draconian Berserker began the quest for the
                  | Orb.
     0 | D        | Reached XP level 1. HP: 19/19 MP: 1/1
     8 | D        | Reached ** piety under Trog
    18 | D        | Noticed an iguana
    18 | D        | Noticed a hound
    32 | D        | Killed an iguana
    33 | D        | Reached XP level 2. HP: 14/28 MP: 2/2
    33 | D        | Reached XP level 3. HP: 17/35 MP: 3/3
    36 | D        | Reached *** piety under Trog
    37 | D        | Reached skill level 5 in Fighting
    57 | D        | Reached skill level 5 in Unarmed Combat
    57 | D        | Reached XP level 4. HP: 15/44 MP: 4/4
    64 | D        | Found a snail-covered altar of Cheibriados.
    64 | D        | Found a shadowy altar of Dithmenos.
    64 | D        | Found a white marble altar of Elyvilon.
    64 | D        | Found a blossoming altar of Fedhas.
    64 | D        | Found an opulent altar of Gozag.
    65 | D        | Found a hazy altar of Hepliaklqana.
    66 | D        | Found a viscous altar of Jiyva.
    67 | D        | Found an ancient bone altar of Kikubaaqudgha.
    68 | D        | Found a corrupted altar of Lugonu.
    69 | D        | Found a burning altar of Makhleb.
    70 | D        | Found a sparkling altar of Nemelex Xobeh.
    71 | D        | Found an iron altar of Okawaru.
    72 | D        | Found a stormy altar of Qazlal.
    73 | D        | Found a sacrificial altar of Ru.
    74 | D        | Found a shimmering blue altar of Sif Muna.
    75 | D        | Found a bloodstained altar of Trog.
    76 | D        | Found a hide-covered altar of Uskayaw.
    77 | D        | Found a radiant altar of Vehumet.
    78 | D        | Found an ornate altar of the Wu Jian Council.
    79 | D        | Found a shimmering altar of Xom.
    80 | D        | Found a basalt altar of Yredelemnul.
    81 | D        | Found a glowing silver altar of Zin.
    82 | D        | Found a glowing golden altar of the Shining One.
   166 | D        | Noticed a kobold brigand
   166 | D        | Noticed a komodo dragon
   166 | D        | Noticed a gargoyle
   166 | D        | Noticed a yak
   166 | D        | Noticed an orc warrior
   166 | D        | Noticed a wraith
   237 | D        | Mangled by a komodo dragon

Illustrated notes

Levels and vault maps discovered:
D:        linesprint [early_d, line_temple, items_1, d_10, items_2, lair_1,
          lair_end, items_3, orc_1, orc_end, items_4, d_15, swamp_1, shoals_1,
          snake_1, spider_1, d_20, vaults_1, items_5, swamp_end, shoals_end,
          snake_end, spider_end, vaults_end, d_27, items_6, zot_1, zot_end,
          crypt_end, forest_end, elf_end, slime_end, tomb_end, abyss_end,
          pan_hell_end]

Skill      XL: |  1  2  3 |
---------------+----------+-----
Dodging        | 4 |  4.7
Fighting       | 4 5 |  5.7
Stealth        | 2 3 |  3.4
Unarmed Combat | 4 5 |  5.2

Action                     |  1- 3 |  4- 6 || total
---------------------------+-------+-------++-------
  Melee: Unarmed           |    46 |    23 ||    69
         Punch             |     2 |     2 ||     4
         Tailslap          |     2 |     1 ||     3
 Invoke: Trog's Hand       |       |     2 ||     2
  Evoke: Wand              |       |     3 ||     3
    Use: Scroll            |       |     2 ||     2
         Potion            |       |     1 ||     1
 Armour: Skin              |    16 |     9 ||    25
  Dodge: Dodged            |    27 |    12 ||    39

Table legend: (Time is in decaauts)
 A = Elapsed time spent in this place.
 B = Non-inter-level travel time spent in this place.
 C = Inter-level travel time spent in this place.
 D = Time resting spent in this place.
 E = Time spent auto-exploring this place.
 F = Levels seen in this place.
 G = Mean time per level.
                   A        B        C        D        E       F      G
               +--------+--------+--------+--------+--------+-----+--------+
         Total |    230 |    230 |      0 |     85 |      0 |   1 |  230.0 |
       Dungeon |    230 |    230 |      0 |     85 |      0 |   1 |  230.0 |
               +--------+--------+--------+--------+--------+-----+--------+

Top non-repeatable levels by time:
       D: 230 daAuts
